 Dungeon Crawl Stone Soup version 0.30-a0-368-g86fb4627a9 (webtiles) character file.

Game seed: 46116493638259954

724 jimonade the Magician (level 8, -10/50 HPs)
             Began as a Djinni Fire Elementalist on Nov 19, 2022.
             Killed by an exploding Edmund (12 damage)
             ... ignited by their inner flame
             ... on level 5 of the Dungeon.
             The game lasted 00:09:13 (3693 turns).

jimonade the Magician (Djinni Fire Elementalist)    Turns: 3693, Time: 00:09:14

Health: -10/50     AC:  5    Str:  7    XL:     8   Next: 2%
Gold:   315        EV: 12    Int: 24    God:
                   SH:  0    Dex: 15

rFire   + + .      SeeInvis .    h - +0 rapier
rCold   x . .      Faith    .    (no shield)
rNeg    . . .      Spirit   .    p - +2 robe
rPois   ∞          Reflect  .    z - +0 helmet
rElec   .          Harm     .    (no cloak)
rCorr   .          Rampage  .    (no gloves)
Will    .....                    (boots unavailable)
Stlth   ++........               (no amulet)
HPRegen 0.28/turn                i - ring of wizardry
MPRegen 0.00/turn                v - +6 ring of intelligence

@: flying
A: sickness immunity, fire resistance 2, cold vulnerability 1, float, innate
caster, HP casting, extra vitality 1
a: no special abilities


You were on level 5 of the Dungeon.
You visited 1 branch of the dungeon, and saw 5 of its levels.

You collected 315 gold pieces.

Inventory:

Hand Weapons
 c - a +0 sling
 d - a +0 dagger
 h - a +0 rapier (weapon)
 E - a +0 long sword
Missiles
 B - 6 poisoned darts
Armour
 f - a +0 plate armour
 m - a +0 chain mail
 p - a +2 robe (worn)
 q - a +0 scale mail
 z - a +0 helmet (worn)
 A - a +0 ring mail
 H - a +2 leather armour of poison resistance
Jewellery
 i - a ring of wizardry (left hand)
 v - a +6 ring of intelligence (right hand)
Wands
 n - a wand of roots (3)
 x - a wand of flame (17)
Scrolls
 a - a scroll of fear {unknown}
 b - a scroll of poison {unknown}
 j - a scroll of enchant armour {unknown}
 k - 4 scrolls of teleportation {unknown}
 l - a scroll of noise {unknown}
 s - a scroll of vulnerability {unknown}
 w - 4 scrolls of identify {unknown}
 y - a scroll of magic mapping {unknown}
 C - a scroll of acquirement {unknown}
 G - 2 scrolls of blinking {unknown}
Potions
 e - a potion of might {unknown}
 g - a potion of flight {unknown}
 o - 3 potions of degeneration {unknown}
 r - 2 potions of curing {unknown}
 t - 2 potions of heal wounds {unknown}
 u - a potion of haste {unknown}
 D - a potion of attraction {unknown}
 F - a potion of lignification {unknown}
 I - a potion of mutation {unknown}


   Skills:
 - Level 2.1 Dodging
 - Level 1.5 Stealth
 + Level 6.8 Spellcasting


You had 2 spell levels left.
You knew the following spells:

 Your Spells              Type           Power      Damage    Failure   Level
a - Foxfire               Conj/Fire      100%       2x1d9     1%          1
b - Scorch                Fire           80%        2d9       1%          2
c - Kindle Blastsparks    Fire/Tloc/Air  80%        2d16      1%          3
d - Inner Flame           Hex/Fire       40%        N/A       1%          3
e - Flame Wave            Conj/Fire      40%        2d11      1%          4
f - Slow                  Hex            100%       N/A       1%          1
g - Momentum Strike       Conj/Tloc      80%        3d10      1%          2
h - Searing Ray           Conj           80%        2d7       1%          2
Your spell library was empty.

Dungeon Overview and Level Annotations

Branches:
Dungeon (5/15)             Temple (0/1) D:5

Altars:
Hepliaklqana
The Shining One

Shops:
D:2 [[   D:4 *


Innate Abilities, Weirdness & Mutations

You are immune to sickness and miasma.
You are immune to poison.
Your flesh is very heat resistant. (rF++)
You are vulnerable to cold. (rC-)
You float through the air rather than walking.
You learn spells naturally, not from books.
Your magical power is your life essence.
You have superior vitality. (+4 MHP)


Message History

Flames lash Edmund.
Edmund resists.
Flame seeps out of Edmund.
Edmund is moderately wounded.
Edmund's fire resistance burns away.
Edmund is engulfed in blazing flames.
Flame seeps out of Edmund.
Edmund drinks a potion.
Edmund goes berserk!
Casting: Scorch (safe; 1% risk of failure)
Confirm with . or Enter, or press ? or * to list all spells.
Flames lash Edmund.
Flame seeps out of Edmund.
Edmund is heavily wounded.
Edmund rages.
Edmund hits you with a +5 flail of protection!
You conjure some foxfire!
Edmund hits you with a +5 flail of protection! x2
* * * LOW HITPOINT WARNING * * *
Casting: Foxfire (safe; 1% risk of failure)
Confirm with . or Enter, or press ? or * to list all spells.
Flames lash Edmund.
Flame seeps out of Edmund.
Edmund is severely wounded.
* * * LOW HITPOINT WARNING * * *
Edmund barely misses you.
Your foxfire dissipates!
Edmund is engulfed in blazing flames.
Flame seeps out of Edmund.
The foxfire hits Edmund but does no damage.
Edmund is severely wounded.
Casting: Scorch (safe; 1% risk of failure)
Confirm with . or Enter, or press ? or * to list all spells.
Flames lash Edmund but do no damage.
* * * LOW HITPOINT WARNING * * *
Edmund hits you with a +5 flail of protection.
* * * LOW HITPOINT WARNING * * *
Casting: Scorch (safe; 1% risk of failure)
Confirm with . or Enter, or press ? or * to list all spells.
Flames lash Edmund.
Flame seeps out of Edmund.
Edmund is almost dead.
* * * LOW HITPOINT WARNING * * *
Edmund is engulfed in blazing flames.
Flame seeps out of Edmund.
Edmund barely misses you.
Edmund is engulfed in blazing flames.
Edmund explodes!
The fiery explosion engulfs you! You resist.
You die...

.. ...# ...$# ## ........##..##
#..## ...### #...#...#....## ..x.
....#. #.8.##..+..... ## ####
#....'.. #.....##......###. ##©.#
#....#.##..#.#..##.....#.$###...#
##'##.....##.##........####......
.........##...##.................
.......8....>.§○@8...............
.........##...##§.....#.....#....
..........##.##.......#.....+....
.......##..#.#.(##....#....##+###
######..##.....##.....#....#
##..##.8.##......#######
##..#...#.............#
##......[............#
#....)..............#


There were no monsters in sight!

Vanquished Creatures
  Sigmund (D:2)
  Edmund (D:5)
  2 ogres
  A necrophage (D:5)
  4 hounds
  A jelly (D:5)
  A gnoll bouda (D:5)
  3 adders
  5 gnolls (D:5)
  A white imp (D:4)
  7 orcs
  4 ball pythons
  2 bats (D:1)
  10 endoplasms
  4 giant cockroaches
  3 goblins
  9 hobgoblins
  4 jackals (D:2)
  7 kobolds
  3 quokkas
  2 frilled lizards
  3 rats
78 creatures vanquished.

Vanquished Creatures (others)
  136 foxfires
136 creatures vanquished.

Grand Total: 214 creatures vanquished

Notes
Turn   | Place    | Note
-------+----------+-------------------------------------------
     0 | D:1      | jimonade the Djinni Fire Elementalist began the quest for
                  | the Orb.
     0 | D:1      | jimonade set off with the following spells memorised:
                  | Foxfire, Scorch, Kindle Blastsparks, Inner Flame, Flame
                  | Wave.
     0 | D:1      | Reached XP level 1. HP: 15/15 MP: 0/0
    69 | D:1      | Reached XP level 2. HP: 19/21 MP: 0/0
   175 | D:1      | Reached skill level 3 in Spellcasting
   250 | D:1      | Reached XP level 3. HP: 21/25 MP: 0/0
   250 | D:1      | Learned a level 1 spell: Slow
   790 | D:2      | Noticed Sigmund
   796 | D:2      | Killed Sigmund
   797 | D:2      | Reached skill level 4 in Spellcasting
   797 | D:2      | Reached XP level 4. HP: 17/31 MP: 0/0
   797 | D:2      | Reached XP level 5. HP: 19/35 MP: 0/0
   797 | D:2      | Learned a level 2 spell: Momentum Strike
   797 | D:2      | Reached XP level 6. HP: 22/40 MP: 0/0
   913 | D:2      | Found Jof Tebb's Armour Emporium.
  1359 | D:2      | Found Viekhoig's Armour Emporium.
  1492 | D:3      | Reached skill level 5 in Spellcasting
  2410 | D:4      | Found a hazy altar of Hepliaklqana.
  2715 | D:4      | Found Fiebbur's CLEARANCE SALE!.
  2844 | D:4      | Noticed an ogre
  2851 | D:4      | Killed an ogre
  2852 | D:4      | Reached XP level 7. HP: 41/45 MP: 0/0
  2852 | D:4      | Learned a level 2 spell: Searing Ray
  2952 | D:4      | Found a glowing golden altar of the Shining One.
  3205 | D:5      | Entered Level 5 of the Dungeon
  3232 | D:5      | Reached skill level 6 in Spellcasting
  3468 | D:5      | Reached XP level 8. HP: 14/50 MP: 0/0
  3659 | D:5      | Found a staircase to the Ecumenical Temple.
  3674 | D:5      | Noticed Edmund
  3693 | D:5      | Killed Edmund
  3693 | D:5      | Killed by an exploding Edmund... ignited by their inner
                  | flame

Illustrated notes

Levels and vault maps discovered:
D:1:      tarquinn_simple_flora_water_e, layout_rooms
D:2:      layout_loops_cross, serial_shops, shop, nicolae_shop_statue_plus,
          uniq_sigmund
D:3:      layout_rooms, amcnicky_altar_gilded, minmay_misc_feat_pillars,
          minmay_vboxes
D:4:      layout_loops_ring, kennysheep_mini, nzn_hepliaklqana_mist_gate,
          nicolae_shop_clearance
D:5:      layout_gridville, minmay_temple_entry_waves,
          gammafunk_ghost_abyssal_escape, uniq_ijyb, uniq_edmund

Skill      XL: |  1  2  3  4  5  6  7 |
---------------+----------------------+-----
Spellcasting   | 3 4 5 6 |  6.8
Dodging        | |  2.1
Stealth        | |  1.5

Action                   |  1- 3 |  4- 6 |  7- 9 || total
-------------------------+-------+-------+-------++-------
 Cast: Foxfire           |    44 |    29 |    17 ||    90
       Scorch            |     7 |    23 |     8 ||    38
       Inner Flame       |     2 |     6 |    14 ||    22
       Kindle Blastspark |       |     1 |     1 ||     2
Armor: Robe              |       |     4 |       ||     4
Dodge: Dodged            |     3 |     2 |     2 ||     7

Table legend: (Time is in decaauts)
 A = Elapsed time spent in this place.
 B = Non-inter-level travel time spent in this place.
 C = Inter-level travel time spent in this place.
 D = Time resting spent in this place.
 E = Time spent auto-exploring this place.
 F = Levels seen in this place.
 G = Mean time per level.
                   A        B        C        D        E       F      G
               +--------+--------+--------+--------+--------+-----+--------+
         Total |   3692 |   3495 |    197 |    356 |   2392 |   5 |  738.4 |
       Dungeon |   3692 |   3495 |    197 |    356 |   2392 |   5 |  738.4 |
               +--------+--------+--------+--------+--------+-----+--------+

Top non-repeatable levels by time:
     D:2: 978 daAuts
     D:4: 965 daAuts
     D:1: 682 daAuts
     D:3: 647 daAuts
     D:5: 419 daAuts
